SAA
IRVING BLUE SOX @ SAN BERNARDINO GRASSHOPPERS
08/25/2034
 
TOP OF THE 1ST
Irving Blue Sox batting - Pitching for San Bernardino Grasshoppers : RHP Knud Herrewijn
Pitching: RHP Knud Herrewijn
Batting: LHB Brenton Winston 0-0: Bunt missed!
0-1: Ball
1-1: Fly out, F6 (Popup, 6M)
Batting: RHB Carlos Garza 0-0: Ground out 6-3 (Groundball, 6)
Batting: RHB Dale Goodman 0-0: Called Strike
0-1: Called Strike
0-2: Ball
1-2: Strikes out swinging
Top of the 1st over - 0 runs, 0 hits, 0 errors, 0 left on base; Irving 0 - San Bernardino 0
BOTTOM OF THE 1ST
San Bernardino Grasshoppers batting - Pitching for Irving Blue Sox : RHP Zach Pinyerrel
Pitching: RHP Zach Pinyerrel
Batting: RHB John Clark 0-0: Ball
1-0: Called Strike
1-1: Ball
2-1: Ball
3-1: Base on Balls
Batting: LHB Joe Ellison 0-0: Ball
1-0: Ball
2-0: Called Strike
2-1: Foul Ball, location: 2F
2-2: Ball
3-2: Ground out 6-3 (Groundball, 6S)
John Clark to second
Batting: RHB Lawrence Stokes 0-0: Ball
1-0: Ball
2-0: Foul Ball, location: 2F
2-1: Called Strike
2-2: Foul Ball, location: 2F
2-2: Ground out 5-3 (Groundball, 56S)
John Clark to third
Batting: RHB Jim MacRach 0-0: Ball
1-0: SINGLE (Groundball, 6D)
John Clark scores
Batting: RHB Howard Lee 0-0: Called Strike
0-1: Ball
1-1: Ball
2-1: Swinging Strike
2-2: Strikes out swinging
Bottom of the 1st over - 1 run, 1 hit, 0 errors, 1 left on base; Irving 0 - San Bernardino 1
TOP OF THE 2ND
Irving Blue Sox batting - Pitching for San Bernardino Grasshoppers : RHP Knud Herrewijn
Batting: LHB Juan Jimínez 0-0: Ball
1-0: Ball
2-0: Ground out U3 (Groundball, 34S)
Batting: RHB Sadakuno Hashimoto 0-0: Ball
1-0: Ball
2-0: Foul Ball, location: 2F
2-1: Foul Ball, location: 2F
2-2: SINGLE (Groundball, 6MD)
Batting: RHB Tom Boyer 0-0: Called Strike
0-1: Called Strike
0-2: Fly out, F8 (Flyball, 8RD)
Batting: RHB Justin Smelter 0-0: Ball
1-0: SINGLE (Groundball, 3D)
Sadakuno Hashimoto to second
Runner from 2nd tries for 3rd, OUT!
Top of the 2nd over - 0 runs, 2 hits, 0 errors, 1 left on base; Irving 0 - San Bernardino 1
BOTTOM OF THE 2ND
San Bernardino Grasshoppers batting - Pitching for Irving Blue Sox : RHP Zach Pinyerrel
Batting: LHB Matt Ouweneel 0-0: Called Strike
0-1: Called Strike
0-2: Ball
1-2: Strikes out looking
Batting: RHB Jouo Hirschovits 0-0: Called Strike
0-1: Ball
1-1: Called Strike
1-2: Strikes out swinging
Batting: RHB Wren Driscoll 0-0: Ball
1-0: Ball
2-0: Foul Ball, location: 2F
2-1: Foul Ball, location: 2F
2-2: Ball
3-2: Fly out, F4 (Popup, 34D)
Bottom of the 2nd over - 0 runs, 0 hits, 0 errors, 0 left on base; Irving 0 - San Bernardino 1
TOP OF THE 3RD
Irving Blue Sox batting - Pitching for San Bernardino Grasshoppers : RHP Knud Herrewijn
Batting: LHB Gidde Collin 0-0: Swinging Strike
0-1: Ground out U3 (Groundball, 34)
Batting: SHB Rafael Porfrio 0-0: Ball
1-0: Foul Ball, location: 2F
1-1: Foul Ball, location: 2F
1-2: Ball
2-2: Ball
3-2: DOUBLE (Line Drive, 5D)
Batting: LHB Brenton Winston 0-0: Called Strike
0-1: Foul Ball, location: 2F
0-2: Ball
1-2: SINGLE (Line Drive, 34D)
Rafael Porfrio to third
Batting: RHB Carlos Garza 0-0: Ball
1-0: Called Strike
1-1: Ball
2-1: Ball
3-1: Foul Ball, location: 2F
3-2: SINGLE (Line Drive, 56D)
Rafael Porfrio scores
Brenton Winston to second
Runner from 2nd tries for 3rd, SAFE, no throw
Batting: RHB Dale Goodman 0-0: Called Strike
0-1: Swinging Strike
0-2: Strikes out looking
Batting: LHB Juan Jimínez 0-0: Swinging Strike
0-1: Ground out 4-3 (Groundball, 4D)
Top of the 3rd over - 1 run, 3 hits, 0 errors, 2 left on base; Irving 1 - San Bernardino 1
BOTTOM OF THE 3RD
San Bernardino Grasshoppers batting - Pitching for Irving Blue Sox : RHP Zach Pinyerrel
Batting: RHB Vaughn White 0-0: Called Strike
0-1: DOUBLE (Line Drive, 7LD)
Batting: RHB John Clark 0-0: Ball
1-0: Ball
2-0: Ball
3-0: Called Strike
3-1: Base on Balls
Batting: LHB Joe Ellison 0-0: Called Strike
0-1: Called Strike
0-2: Strikes out swinging
Batting: RHB Lawrence Stokes 0-0: Foul Ball, location: 2F
0-1: Swinging Strike
0-2: Ball
1-2: DOUBLE (Line Drive, 78D)
Vaughn White scores
John Clark to third
Runner from 3rd tries for Home, SAFE, no throw
Batting: RHB Jim MacRach 0-0: Ball
1-0: Ground out 6-3 (Groundball, 6D)
Batting: RHB Howard Lee 0-0: Swinging Strike
0-1: Fly out, F9 (Flyball, 9)
Bottom of the 3rd over - 2 runs, 2 hits, 0 errors, 1 left on base; Irving 1 - San Bernardino 3
TOP OF THE 4TH
Irving Blue Sox batting - Pitching for San Bernardino Grasshoppers : RHP Knud Herrewijn
Batting: RHB Sadakuno Hashimoto 0-0: Called Strike
0-1: Ball
1-1: Ball
2-1: SINGLE (Line Drive, 56D)
Batting: RHB Tom Boyer 0-0: Ground out U3 (Groundball, 3)
Sadakuno Hashimoto to second
Batting: RHB Justin Smelter 0-0: Ground out 1-3 (Groundball, P)
Sadakuno Hashimoto to third
Batting: LHB Gidde Collin 0-0: Ball
1-0: Foul Ball, location: 2F
1-1: Ground out 4-3 (Groundball, 4M)
Top of the 4th over - 0 runs, 1 hit, 0 errors, 1 left on base; Irving 1 - San Bernardino 3
BOTTOM OF THE 4TH
San Bernardino Grasshoppers batting - Pitching for Irving Blue Sox : RHP Zach Pinyerrel
Batting: LHB Matt Ouweneel 0-0: SINGLE (Line Drive, 8RS)
Batting: RHB Jouo Hirschovits 0-0: Called Strike
0-1: Ball
1-1: Ball
2-1: Ball
3-1: Called Strike
3-2: Base on Balls
Matt Ouweneel to second
Batting: RHB Wren Driscoll 0-0: Ball
1-0: Ground out 5-3 (Groundball, 56S)
Matt Ouweneel to third
Jouo Hirschovits to second
Batting: RHB Vaughn White 0-0: Ball
1-0: Ball
2-0: Called Strike
2-1: Swinging Strike
2-2: Foul Ball, location: 2F
2-2: Foul Ball, location: 2F
2-2: Strikes out swinging
Batting: RHB John Clark 0-0: SINGLE (Line Drive, 8LS)
Matt Ouweneel scores
Jouo Hirschovits to third
Runner from 3rd tries for Home, throw and OUT!
Bottom of the 4th over - 1 run, 2 hits, 0 errors, 1 left on base; Irving 1 - San Bernardino 4
TOP OF THE 5TH
Irving Blue Sox batting - Pitching for San Bernardino Grasshoppers : RHP Knud Herrewijn
Batting: SHB Rafael Porfrio 0-0: Ball
1-0: Ball
2-0: Foul Ball, location: 2F
2-1: Ball
3-1: Called Strike
3-2: Foul Ball, location: 2F
3-2: Base on Balls
Batting: LHB Brenton Winston Balk!
Rafael Porfrio to second
0-0: Ball
1-0: Ball
2-0: Swinging Strike
2-1: Called Strike
2-2: Strikes out looking
Batting: RHB Carlos Garza 0-0: Ball
1-0: Fly out, F9 (Flyball, 9D)
Batting: RHB Dale Goodman 0-0: Ball
1-0: Ball
2-0: Ball
3-0: Base on Balls
Batting: LHB Juan Jimínez 0-0: Foul Ball, location: 2F
0-1: DOUBLE (Line Drive, 8RD)
Rafael Porfrio scores
Dale Goodman to third
Runner from 3rd tries for Home, SAFE, no throw
Batting: RHB Sadakuno Hashimoto 0-0: Ball
1-0: Swinging Strike
1-1: Ball
2-1: Ball
3-1: Called Strike
3-2: Strikes out swinging
Top of the 5th over - 2 runs, 1 hit, 0 errors, 1 left on base; Irving 3 - San Bernardino 4
BOTTOM OF THE 5TH
San Bernardino Grasshoppers batting - Pitching for Irving Blue Sox : RHP Zach Pinyerrel
Batting: LHB Joe Ellison 0-0: Foul Ball, location: 2F
0-1: Ball
1-1: Ball
2-1: Ball
3-1: Base on Balls
Batting: RHB Lawrence Stokes 0-0: Foul Ball, location: 2F
0-1: Called Strike
0-2: Ball
1-2: Ball
2-2: Ball
3-2: Fly out, F6 (Popup, 6MS)
Batting: RHB Jim MacRach 0-0: Called Strike
0-1: Ball
1-1: Ball
2-1: Ball
3-1: Fielders Choice at 2nd, 5-4 (Groundball, 56)
Batting: RHB Howard Lee 0-0: Ball
1-0: Foul Ball, location: 2F
1-1: Fielders Choice at 2nd, 6-4 (Groundball, 6)
Bottom of the 5th over - 0 runs, 0 hits, 0 errors, 1 left on base; Irving 3 - San Bernardino 4
TOP OF THE 6TH
Irving Blue Sox batting - Pitching for San Bernardino Grasshoppers : RHP Knud Herrewijn
Batting: RHB Tom Boyer 0-0: Ball
1-0: Swinging Strike
1-1: Foul Ball, location: 2F
1-2: Fly out, F7 (Flyball, 7S)
Batting: RHB Justin Smelter 0-0: Ground out 5-3 (Groundball, 56S)
Batting: LHB Gidde Collin 0-0: Ball
1-0: Called Strike
1-1: SINGLE (Groundball, 6D)
Batting: SHB Rafael Porfrio 0-0: Called Strike
0-1: Swinging Strike
0-2: Ball
1-2: Ball
Gidde Collin is caught stealing 2nd base
Top of the 6th over - 0 runs, 1 hit, 0 errors, 0 left on base; Irving 3 - San Bernardino 4
BOTTOM OF THE 6TH
San Bernardino Grasshoppers batting - Pitching for Irving Blue Sox : RHP Zach Pinyerrel
Batting: LHB Matt Ouweneel 0-0: Ball
1-0: Ball
2-0: Foul Ball, location: 2F
2-1: SINGLE (Flyball, 9S)
Batting: RHB Jouo Hirschovits 0-0: Called Strike
0-1: Ball
1-1: Bunted foul
1-2: Ball
2-2: Ball
3-2: Base on Balls
Matt Ouweneel to second
Pitching: RHP José Colón
Batting: RHB Wren Driscoll 0-0: Bunted foul
0-1: Bunted foul
0-2: Ball
1-2: Ball
2-2: Strikes out swinging
Batting: RHB Vaughn White Balk!
Matt Ouweneel to third
Jouo Hirschovits to second
0-0: Ball
1-0: 3-RUN HOME RUN (Flyball, 7D), Distance : 386 ft
Batting: RHB John Clark 0-0: Foul Ball, location: 2F
0-1: Swinging Strike
0-2: Foul Ball, location: 2F
0-2: Ball
1-2: Foul Ball, location: 2F
1-2: Ball
2-2: Ground out 5-3 (Groundball, 5L)
Batting: LHB Joe Ellison 0-0: Foul Ball, location: 2F
0-1: Ball
1-1: SINGLE (Groundball, 56D)
Batting: RHB Lawrence Stokes 0-0: Foul Ball, location: 2F
0-1: Ground out 1-3 (Groundball, 15S)
Bottom of the 6th over - 3 runs, 3 hits, 0 errors, 1 left on base; Irving 3 - San Bernardino 7
TOP OF THE 7TH
Irving Blue Sox batting - Pitching for San Bernardino Grasshoppers : RHP Knud Herrewijn
Batting: SHB Rafael Porfrio 0-0: Ball
1-0: Ball
2-0: Ball
3-0: Base on Balls
Batting: LHB Brenton Winston 0-0: Fielders Choice at 2nd, 4-6 (Groundball, 4)
Batting: RHB Carlos Garza 0-0: Foul Ball, location: 2F
0-1: Ball
1-1: Fly out, F8 (Flyball, 8LD)
Batting: RHB Dale Goodman 0-0: Called Strike
0-1: Ball
1-1: Foul Ball, location: 2F
1-2: Foul Ball, location: 2F
1-2: SINGLE (Groundball, 56D)
Brenton Winston to second
Pitching: LHP Júlio Romero
Batting: LHB Juan Jimínez 0-0: Ball
1-0: Called Strike
1-1: SINGLE (Line Drive, 9S)
Brenton Winston to third
Dale Goodman to second
Batting: RHB Sadakuno Hashimoto 0-0: Ball
1-0: Called Strike
1-1: Swinging Strike
1-2: Foul Ball, location: 2F
1-2: Foul Ball, location: 2F
1-2: Foul Ball, location: 2F
1-2: Ball
2-2: Ball
3-2: Strikes out swinging
Top of the 7th over - 0 runs, 2 hits, 0 errors, 3 left on base; Irving 3 - San Bernardino 7
BOTTOM OF THE 7TH
San Bernardino Grasshoppers batting - Pitching for Irving Blue Sox : RHP José Colón
Batting: RHB Jim MacRach 0-0: Ball
1-0: Called Strike
1-1: Called Strike
1-2: Ball
2-2: Ball
3-2: Base on Balls
Batting: RHB Howard Lee 0-0: Foul Ball, location: 2F
0-1: Ball
1-1: Foul Ball, location: 2F
1-2: Foul Ball, location: 2F
1-2: Ground out 6-3 (Groundball, 6S)
Jim MacRach to second
Batting: LHB Matt Ouweneel 0-0: Called Strike
0-1: Foul Ball, location: 2F
0-2: Strikes out swinging
Batting: RHB Jouo Hirschovits 0-0: Ball
1-0: Foul Ball, location: 2F
1-1: SINGLE (Groundball, 6MD)
Jim MacRach to third
Runner from 3rd tries for Home, SAFE, no throw
Batting: RHB Wren Driscoll 0-0: Ball
1-0: Called Strike
1-1: Ball
2-1: Fielders Choice at 2nd, 5-4 (Groundball, 56)
Bottom of the 7th over - 1 run, 1 hit, 0 errors, 1 left on base; Irving 3 - San Bernardino 8
TOP OF THE 8TH
Irving Blue Sox batting - Pitching for San Bernardino Grasshoppers : LHP Júlio Romero
Now at C: Elijah Seymour
Batting: RHB Tom Boyer 0-0: Ball
1-0: Swinging Strike
1-1: Ball
2-1: Called Strike
2-2: Strikes out swinging
Batting: RHB Justin Smelter 0-0: Called Strike
0-1: Ball
1-1: Ball
2-1: Ball
3-1: Base on Balls
Batting: LHB Gidde Collin 0-0: Ball
1-0: Foul Ball, location: 2F
1-1: Foul Ball, location: 2F
1-2: 2-RUN HOME RUN (Flyball, 9LD), Distance : 367 ft
Pitching: RHP Pedro Huerta
Batting: SHB Rafael Porfrio 0-0: Ball
1-0: Ball
2-0: Ball
3-0: Base on Balls
Batting: LHB Brenton Winston 0-0: TRIPLE (Line Drive, 7D)
Rafael Porfrio scores
Batting: RHB Carlos Garza 0-0: Ball
1-0: Foul Ball, location: 2F
1-1: Ball
2-1: Foul Ball, location: 2F
2-2: Strikes out looking
Batting: RHB Dale Goodman 0-0: Ball
1-0: Swinging Strike
1-1: Swinging Strike
1-2: Foul Ball, location: 2F
1-2: Foul Ball, location: 2F
1-2: Ball
Wild Pitch!
Brenton Winston scores
2-2: Strikes out looking
Top of the 8th over - 4 runs, 2 hits, 0 errors, 0 left on base; Irving 7 - San Bernardino 8
BOTTOM OF THE 8TH
San Bernardino Grasshoppers batting - Pitching for Irving Blue Sox : RHP José Colón
Batting: RHB Vaughn White 0-0: Swinging Strike
0-1: Ball
1-1: Ball
2-1: Ball
3-1: Foul Ball, location: 2F
3-2: Strikes out looking
Batting: RHB John Clark 0-0: Swinging Strike
0-1: Ball
1-1: Ball
2-1: Ball
3-1: Base on Balls
Pitching: RHP Marcos Sarmiento
Batting: LHB Joe Ellison 0-0: Ball
1-0: Ball
2-0: SINGLE (Groundball, 4MD)
John Clark to second
Batting: RHB Lawrence Stokes 0-0: Ball
1-0: Called Strike
1-1: Foul Ball, location: 2F
1-2: Ball
2-2: Foul Ball, location: 2F
2-2: Foul Ball, location: 2F
2-2: Foul Ball, location: 2F
2-2: Ball
3-2: DOUBLE (Line Drive, 8LD)
John Clark scores
Joe Ellison to third
Joe Ellison scores
Batting: RHB Jim MacRach 0-0: Ball
1-0: Ball
2-0: Called Strike
2-1: Foul Ball, location: 2F
2-2: Reached on error, E5 (Groundball, 5L)
Lawrence Stokes to third
Batting: RHB Howard Lee 0-0: Ball
1-0: Foul Ball, location: 2F
1-1: Ball
2-1: Ball
3-1: Foul Ball, location: 2F
3-2: Foul Ball, location: 2F
3-2: Fly out, F8 (Flyball, 8LS)
Batting: LHB Matt Ouweneel 0-0: Ball
1-0: Called Strike
1-1: Swinging Strike
1-2: SINGLE (Groundball, 3D)
Lawrence Stokes scores
Jim MacRach to second
Runner from 2nd tries for 3rd, SAFE, no throw
Batting: RHB Jouo Hirschovits 0-0: Called Strike
0-1: Ball
1-1: Foul Ball, location: 2F
1-2: Fielders Choice at 2nd, 6-4 (Groundball, 6)
Bottom of the 8th over - 3 runs, 3 hits, 1 error, 2 left on base; Irving 7 - San Bernardino 11
TOP OF THE 9TH
Irving Blue Sox batting - Pitching for San Bernardino Grasshoppers : RHP Pedro Huerta
Batting: LHB Juan Jimínez 0-0: Ball
1-0: Foul Ball, location: 2F
1-1: Ball
2-1: Called Strike
2-2: Ground out 4-3 (Groundball, 4S)
Batting: RHB Sadakuno Hashimoto 0-0: Ground out 5-3 (Groundball, 5S)
Batting: RHB Tom Boyer 0-0: Ball
1-0: Ball
2-0: Ball
3-0: Called Strike
3-1: Foul Ball, location: 2F
3-2: Foul Ball, location: 2F
3-2: Base on Balls
Batting: RHB Justin Smelter 0-0: Called Strike
0-1: Ball
1-1: Foul Ball, location: 2F
1-2: Ball
2-2: Strikes out swinging
Top of the 9th over - 0 runs, 0 hits, 0 errors, 1 left on base; Irving 7 - San Bernardino 11
Friday, March 29th, 2019 - OOTP Baseball 18.8 Build 76